 Dungeon Crawl Stone Soup version 0.27-a0-249-g74f53ef629 (webtiles) character file.

Game seed: 15867512538561702266

4093 siradein the Carver (level 10, -8/68 HPs)
             Began as a Vampire Abyssal Knight on Feb 4, 2021.
             Was a High Priest of Lugonu.
             Mangled by a troll (shapeshifter) (16 damage)
             ... on level 8 of the Dungeon.
             The game lasted 00:45:41 (10612 turns).

siradein the Carver (Vampire Abyssal Knight)       Turns: 10612, Time: 00:45:41

Health: -8/68      AC:  5    Str:  8 (9)  XL:     10   Next: 5%
Magic:  11/11      EV: 12    Int: 16      God:    Lugonu [*****.]
Gold:   405        SH:  0    Dex: 16      Spells: 9/9 levels left

rFire    + . .     SeeInvis +   r - +1 scimitar
rCold    . . .     Faith    .   (no shield)
rNeg     . . .     Spirit   .   b - +1 leather armour
rPois    .         Reflect  .   (no helmet)
rElec    .         Harm     .   k - +0 cloak
rCorr    .         Rampage  .   (no gloves)
Will     ++...                  (no boots)
Stlth    +.........             q - amulet of regeneration
HPRegen  0.81/turn              i - ring of protection from fire
MPRegen  0.12/turn              F - ring of willpower

@: regenerating quickly
A: fangs 3, slimy green scales 1, see invisible, deformed body, weak 1,
unbreathing
a: Exsanguinate, Renounce Religion, Depart the Abyss, Bend Space, Banish,
Corrupt, Enter the Abyss


You were on level 8 of the Dungeon.
You worshipped Lugonu.
Lugonu was extremely pleased with you.
You visited 1 branch of the dungeon, and saw 8 of its levels.
You visited the Abyss 1 time.

You collected 405 gold pieces.

Inventory:

Hand Weapons
 r - a +1 scimitar (weapon)
 B - the cursed +3 hand axe of the Endless Brambles {vamp, Str+4}
   (You found it on level 6 of the Dungeon)

   It inflicts no extra harm, but heals its wielder when it wounds a living foe.
   It affects your strength (+4).
   It has a curse placed upon it.
Armour
 b - a +1 leather armour (worn)
 k - a +0 cloak (worn)
Jewellery
 i - a ring of protection from fire (left hand)
 j - an uncursed amulet of the acrobat
 q - an amulet of regeneration (around neck)
 D - an uncursed ring of ice
 F - a ring of willpower (right hand)
Wands
 p - a wand of flame (18)
 y - a wand of random effects (12)
Scrolls
 c - 3 scrolls of immolation
 d - 3 scrolls of blinking
 e - 2 scrolls of fog
 f - 12 scrolls of identify
 h - 3 scrolls of fear
 l - 4 scrolls of remove curse
 n - 2 scrolls of random uselessness {unknown}
 o - 2 scrolls of enchant armour
 t - a scroll of amnesia
 u - 4 scrolls of teleportation
 v - a scroll of holy word {unknown}
 A - 2 scrolls of enchant weapon
 E - a scroll of silence {unknown}
 G - a scroll of magic mapping {unknown}
Potions
 a - a potion of invisibility
 g - 2 potions of brilliance
 m - 4 potions of flight
 s - 2 potions of haste
 z - 2 potions of heal wounds
 H - a potion of ambrosia


   Skills:
 - Level 2.6 Fighting
 + Level 14.0 Long Blades
 + Level 0.9 Armour
 + Level 2.3 Dodging
 - Level 1.5 Invocations


You had 9 spell levels left.
You didn't know any spells.
Your spell library contained the following spells:

 Spells                   Type           Power        Failure   Level
 Beastly Appendage        Tmut           0%           34%         1
 Corona                   Hex            0%           34%         1
 Ensorcelled Hibernation  Hex/Ice        0%           47%         2
 Wereblood                Tmut           0%           47%         2
 Confusing Touch          Hex            0%           71%         3
 Dazzling Flash           Conj/Hex       0%           71%         3
 Spider Form              Tmut/Pois      0%           71%         3
 Tukima's Dance           Hex            0%           71%         3
 Ice Form                 Ice/Tmut       0%           98%         4
 Blade Hands              Tmut           0%           100%        5


Dungeon Overview and Level Annotations

Branches:
Dungeon (8/15)             Temple (0/1) D:5            Lair (0/6) D:8

Altars:
Cheibriados
Dithmenos
Makhleb
Nemelex Xobeh
Okawaru
Qazlal
Ru
Sif Muna
Trog
Uskayaw
Wu Jian
Zin
The Shining One


Innate Abilities, Weirdness & Mutations

Your natural rate of healing is unusually fast.
You have razor-sharp teeth.
You have supernaturally acute eyesight. (SInv)
You can survive without breathing.
You are partially covered in slimy green scales. (AC +2)
Armour fits poorly on your strangely shaped body.
You are weak. (Str -2)


Message History

The orb spider is severely wounded.
You barely miss the orb spider. Your bite misses the orb spider.
The orb spider is severely wounded.
Found 17 gold pieces.
The orb spider changes into a troll!
You barely miss the troll. You bite the troll, but do no damage.
You hit the troll.
The troll is lightly wounded.
The troll bites you! The troll claws you!
The troll claws you but does no damage.
You hit the troll.
The troll is lightly wounded.
The troll bites you!
* * * LOW HITPOINT WARNING * * *
The troll completely misses you. The troll claws you!
* * * LOW HITPOINT WARNING * * *
You slash the troll!
The troll is moderately wounded.
The troll bites you!
You die...

#### ..# #.#
#####.######
#.........@#
#.###.####T# #.#
#.# ###.# #.#
#...# #$# #†###
#.# # #.#.## #.#
# #.#..#.###.#
.######.#.###.##
#


You could see a troll shaped shifter.

Vanquished Creatures
  2 wargs (D:8)
  An orc warrior (D:8)
  3 ice beasts
  A sky beast (D:7)
  4 black bears
  3 ogres
  A centaur (D:6)
  A phantom (D:6)
  A big kobold (D:4)
  5 bullfrogs
  5 scorpions
  7 howler monkeys
  A centaur zombie (D:7)
  5 gnoll shamans (D:3)
  4 orc priests
  5 hounds
  4 bullfrog skeletons
  Ijyb (D:5)
  An iguana (D:7)
  4 orc wizards
  10 worker ants
  A hound zombie (D:6)
  A hound skeleton (D:8)
  A worker ant zombie (D:6)
  34 gnolls
  2 howler monkey skeletons
  15 adders
  3 shadow imps
  2 white imps
  2 oozes
  An adder zombie (D:7)
  4 worms
  2 dart slugs
  6 leopard geckos
  13 orcs
  4 giant cockroaches
  9 goblins
  2 hobgoblins
  30 jackals
  6 kobolds
  6 quokkas
  A ball python (D:2)
  A ball python skeleton (D:4)
  8 bats
  7 frilled lizards
  A jackal zombie (D:5)
231 creatures vanquished.

Vanquished Creatures (others)
  4 plants
4 creatures vanquished.

Grand Total: 235 creatures vanquished

Notes
Turn   | Place    | Note
-------+----------+-------------------------------------------
     0 | Abyss:1  | siradein the Vampire Abyssal Knight began the quest for the
                  | Orb.
     0 | Abyss:1  | Reached XP level 1. HP: 17/17 MP: 2/2
    26 | D:1      | Escaped the Abyss
   110 | D:1      | Reached XP level 2. HP: 20/23 MP: 3/3
   174 | D:1      | Reached skill level 3 in Long Blades
   318 | D:1      | Reached ** piety under Lugonu
   476 | D:1      | Reached XP level 3. HP: 28/28 MP: 4/4
   966 | D:2      | Found a hide-covered altar of Uskayaw.
  1044 | D:2      | Found a sacrificial altar of Ru.
  1058 | D:2      | Reached skill level 4 in Long Blades
  1058 | D:2      | Reached XP level 4. HP: 29/30 MP: 5/5
  1441 | D:2      | Found a shimmering blue altar of Sif Muna.
  1537 | D:3      | Reached skill level 5 in Long Blades
  1597 | D:3      | Noticed a bullfrog
  1604 | D:3      | Killed a bullfrog
  1605 | D:3      | Reached XP level 5. HP: 22/35 MP: 6/6
  1656 | D:3      | Reached *** piety under Lugonu
  1690 | D:3      | Found a snail-covered altar of Cheibriados.
  1728 | D:3      | Reached skill level 6 in Long Blades
  1912 | D:3      | Found a glowing golden altar of the Shining One.
  2059 | D:3      | HP: 1/35 [gnoll (5)]
  2352 | D:3      | Reached XP level 6. HP: 40/41 MP: 7/7
  2820 | D:3      | Reached skill level 7 in Long Blades
  3092 | D:3      | Reached **** piety under Lugonu
  3251 | D:3      | Reached XP level 7. HP: 44/51 MP: 8/8
  3396 | D:3      | Reached skill level 8 in Long Blades
  3800 | D:4      | Reached skill level 9 in Long Blades
  3886 | D:4      | Reached XP level 8. HP: 46/57 MP: 9/9
  4316 | D:4      | Found a bloodstained altar of Trog.
  4398 | D:5      | Entered Level 5 of the Dungeon
  4398 | D:5      | Found a staircase to the Ecumenical Temple.
  4469 | D:5      | Reached skill level 10 in Long Blades
  4478 | D:5      | Found a stormy altar of Qazlal.
  4492 | D:5      | Reached ***** piety under Lugonu
  4536 | D:5      | Noticed Ijyb
  4559 | D:5      | Killed Ijyb
  4790 | D:5      | Found a shadowy altar of Dithmenos.
  5055 | D:5      | Found a burning altar of Makhleb.
  5057 | D:5      | Noticed a blizzard demon
  5061 | D:5      | Noticed a smoke demon
  5061 | D:5      | Noticed a hellwing
  5120 | D:5      | Found a glowing silver altar of Zin.
  5302 | D:6      | Found a sparkling altar of Nemelex Xobeh.
  5310 | D:6      | Reached skill level 11 in Long Blades
  5671 | D:6      | Found an iron altar of Okawaru.
  5798 | D:6      | Found an ornate altar of the Wu Jian Council.
  5883 | D:6      | Reached XP level 9. HP: 62/62 MP: 10/10
  6043 | D:6      | Reached skill level 12 in Long Blades
  6221 | D:6      | Got a dazzling hand axe
  6222 | D:6      | Identified the cursed +3 hand axe of the Endless Brambles
                  | {vamp, Str+4} (You found it on level 6 of the Dungeon)
  6840 | D:7      | Reached skill level 13 in Long Blades
  7175 | D:7      | Gained mutation: Armour fits poorly on your strangely
                  | shaped body. [potion of mutation]
  7175 | D:7      | Gained mutation: You are weak. (Str -2) [potion of
                  | mutation]
  7175 | D:7      | Gained mutation: You are partially covered in slimy green
                  | scales. (AC +2) [potion of mutation]
 10288 | D:7      | Reached XP level 10. HP: 68/68 MP: 11/11
 10293 | D:8      | Found a staircase to the Lair.
 10373 | D:8      | Reached skill level 14 in Long Blades
 10374 | D:8      | Noticed a two-headed ogre
 10598 | D:8      | Noticed an orb spider
 10608 | D:8      | an orb spider changed into a troll
 10612 | D:8      | Mangled by a troll (shapeshifter)

Illustrated notes

Levels and vault maps discovered:
D:1:      wander_arrival_peaceful_grave, layout_basic
D:2:      layout_basic, lemuel_round_altar, nicolae_ru_great_annihilating_truth,
          eat_drink_and_be_merry_uskayaw, mrwooster_statue_mirror
D:3:      lemuel_castle_with_subvaults [lemuel_castle_interior_carwin_3],
          layout_basic, nicolae_overflow_hidden_temple, cheibriados_altar_1,
          grunt_decor_mini_mirrors
D:4:      layout_cave_pools, kennysheep_mini_moat
D:5:      layout_loops_ring, makhleb_altar_promises_db, general_overflow_altar,
          lemuel_doored_altar, grunt_dithmenos_smoke_and_mirrors,
          minmay_temple_entry_arrows, uniq_ijyb
D:6:      layout_cave_pods, nicolae_overflow_crystal_walls,
          okawaru_metal_pillars_1_2, basic_altar
D:7:      layout_basic
D:8:      layout_loops_ring, erik_lair_orcish_takeover,
          chequers_serial_rivers_small_b, uniq_grum

Skill      XL: |  1  2  3  4  5  6  7  8  9 10 |
---------------+-------------------------------+-----
Long Blades    | 3 4 5 6 7 9 11 13 14 | 14.0
Fighting       | |  2.6
Armour         | |  0.9
Dodging        | |  2.3
Invocations    | |  1.5

Action                   |  1- 3 |  4- 6 |  7- 9 | 10-12 || total
-------------------------+-------+-------+-------+-------++-------
Melee: Falchion          |    81 |    79 |       |       ||   160
       Bite              |     7 |    23 |    85 |     7 ||   122
       Scimitar          |       |   140 |   561 |    63 ||   764
Invok: Bend Space        |       |     1 |       |       ||     1
       Banish            |       |       |     1 |       ||     1
 Abil: Exsanguinate      |     1 |       |       |       ||     1
       Revivify          |     1 |       |       |       ||     1
Evoke: Wand              |       |       |     2 |     1 ||     3
  Use: Scroll            |       |       |    10 |       ||    10
       Potion            |       |       |    12 |       ||    12
 Stab: Sleeping          |     1 |     2 |     2 |     2 ||     7
       Paralysed         |     1 |       |       |       ||     1
Armor: Leather armour    |    19 |    53 |   114 |    11 ||   197
Dodge: Dodged            |    59 |   161 |   293 |    16 ||   529
       Rpst.: Falchion   |    20 |    17 |       |       ||    37
       Scimitar          |       |    32 |    91 |     3 ||   126

Table legend: (Time is in decaauts)
 A = Elapsed time spent in this place.
 B = Non-inter-level travel time spent in this place.
 C = Inter-level travel time spent in this place.
 D = Time resting spent in this place.
 E = Time spent auto-exploring this place.
 F = Levels seen in this place.
 G = Mean time per level.
                   A        B        C        D        E       F      G
               +--------+--------+--------+--------+--------+-----+--------+
         Total |  10533 |  10372 |    161 |   2765 |   5027 |   9 | 1170.3 |
       Dungeon |  10507 |  10346 |    161 |   2765 |   5027 |   8 | 1313.4 |
         Abyss |     26 |     26 |      0 |      0 |      0 |   1 |   26.0 |
               +--------+--------+--------+--------+--------+-----+--------+

Top non-repeatable levels by time:
     D:7: 3787 daAuts
     D:3: 2315 daAuts
     D:6: 1175 daAuts
     D:5: 838 daAuts
     D:1: 828 daAuts
     D:2: 637 daAuts
     D:4: 614 daAuts
     D:8: 308 daAuts
 Abyss:1: 26 daAuts
